AoeStats
← True Anomaly

African Clearing

506034588Analyzed
2v2 RM · 19d ago on Sep 12, 2026· 71m 6s· 4 players
Game mode
Random Map
Map size
Medium (4 player)
Population
200
Speed
Normal
Resources
Standard
Victory
Conquest
Starting age
Dark Age
Ending age
Imperial Age
RankedLock teamsTeams togetherTeam positionsShared explorationLock speedFull tech treeHidden civsTurbo modeCheats
Victory
Defeat
🇵🇪 Mapuche · Peru
1221
+13
🇦🇷 Cumans · Argentina
1176
+15
🇺🇸 Vietnamese · United States
1150
-14
🇺🇸 Magyars · United States
1150
-14
Hackjack37
9:47 Loom
13:17 Feudal Age
14:38 Double-Bit Axe
17:47 Castle Age
16:03 Horse Collar
18:13 Scale Barding Armor
20:50 Husbandry
26:29 Wheelbarrow
28:10 Chain Barding Armor
29:17 Bloodlines
33:39 Hand Cart
33:12 Town Watch
37:24 Imperial Age
34:46 Town Watch
35:31 Corvinian Army
36:26 Fletching
36:37 Padded Archer Armor
37:26 Bow Saw
38:25 Thumb Ring
39:11 Bodkin Arrow
40:06 Conscription
44:21 Parthian Tactics
44:20 Ballistics
45:16 Chemistry
47:39 Recurve Bow
47:08 Heavy Cavalry Archer
49:57 Plate Barding Armor
49:23 Bracer
50:01 Plate Barding Armor
53:04 Elite Magyar Huszar
70:59 Leather Archer Armor
True Anomaly
4:06 Loom
13:13 Feudal Age
13:55 Double-Bit Axe
23:04 Fletching
28:36 Castle Age
27:00 Gold Mining
27:43 Padded Archer Armor
29:57 Bodkin Arrow
29:32 Elite Skirmisher
29:34 Crossbowman
42:08 Bow Saw
42:54 Chatras
42:54 Horse Collar
48:49 Wheelbarrow
56:50 Imperial Age
57:58 Hand Cart
60:08 Town Watch
Nagflar
12:15 Feudal Age
12:38 Feudal Age
12:16 Loom
13:25 Double-Bit Axe
21:54 Forging
22:32 Horse Collar
28:17 Castle Age
31:15 Pikeman
32:32 Heavy Plow
34:41 Bow Saw
43:54 Imperial Age
42:06 Scale Mail Armor
43:18 Iron Casting
44:17 Wheelbarrow
43:36 Gold Mining
44:24 Chain Mail Armor
46:13 Crop Rotation
46:33 Hand Cart
45:46 Elite Skirmisher
46:17 Fletching
47:00 Bodkin Arrow
47:42 Padded Archer Armor
49:08 Leather Archer Armor
48:23 Halberdier
50:02 Gold Shaft Mining
50:31 Ballistics
50:21 Elite Bolas Rider
52:06 Ring Archer Armor
53:17 Chemistry
52:30 Malon
53:54 Treadmill Crane
54:24 Masonry
55:18 Butalmapu
55:34 Conscription
57:30 Plate Mail Armor
62:37 Blast Furnace
62:39 Stone Mining
LIONETO
4:11 Loom
13:27 Feudal Age
14:08 Double-Bit Axe
15:02 Bloodlines
25:33 Castle Age
25:03 Scale Mail Armor
25:35 Pikeman
40:29 Imperial Age
39:01 Chain Mail Armor
41:50 Halberdier
49:08 Fletching
49:25 Padded Archer Armor
61:29 Conscription
65:12 Bow Saw
67:22 Ballistics
69:31 Bodkin Arrow
69:52 Leather Archer Armor
71:39 Chemistry
Connection lost

Rejoining the realm…

Still unreachable

The connection could not be restored.

Session expired

The server has moved on; the page needs a fresh start.